 Dungeon Crawl Stone Soup version 0.30.1-11-g7821555f0a (webtiles) character file.

Game seed: 15346501035764042024

183 Martska the Trooper (level 5, -3/57 HPs)
             Began as an Ogre Gladiator on Dec 8, 2023.
             Killed from afar by an orc wizard (7 damage)
             ... with a puff of flame
             ... on level 3 of the Dungeon.
             The game lasted 00:03:44 (2563 turns).

Martska the Trooper (Ogre Gladiator)                Turns: 2563, Time: 00:03:45

Health: -3/57      AC:  3    Str: 20    XL:     5   Next: 62%
Magic:  5/5        EV: 10    Int:  9    God:
Gold:   119        SH:  0    Dex: 10    Spells: 4/4 levels left

rFire   . . .        a - +0 flail
rCold   . . .        (no shield)
rNeg    . . .        b - +0 robe
rPois   .            c - +0 hat
rElec   .            (no cloak)
rCorr   .            (gloves unavailable)
SInv    .            (boots unavailable)
Will    .....        (no amulet)
Stlth   +            (no ring)
HPRegen 0.29/turn    (no ring)
MPRegen 0.09/turn

%: no passive effects
@: no status effects
A: large, unfitting armour, tough skin 1
a: no special abilities


You were on level 3 of the Dungeon.
You visited 1 branch of the dungeon, and saw 3 of its levels.

You collected 119 gold pieces.

Inventory:

Hand Weapons
 a - a +0 flail (weapon)
Missiles
 d - 2 throwing nets
 j - a large rock (quivered)
Armour
 b - a +0 robe (worn)
 c - a +0 hat (worn)
Scrolls
 f - a scroll of vulnerability {unknown}
 h - a scroll of noise
 i - a scroll of amnesia
 l - a scroll of fear
 m - 2 scrolls of teleportation {unknown}
 o - a scroll of brand weapon {unknown}
Potions
 e - a potion of cancellation {unknown}
 g - a potion of flight {unknown}
 k - 2 potions of berserk rage {unknown}
 n - a potion of ambrosia {unknown}
 p - a potion of invisibility {unknown}
 q - a potion of curing


   Skills:
 * Level 5.2 Fighting
 * Level 4.0 Maces & Flails
 - Level 2.0 Throwing
 + Level 3.4 Dodging


You had 4 spell levels left.
You didn't know any spells.
Your spell library contained the following spells:

 Spells                   Type           Power      Damage    Failure   Level
 Apportation              Tloc           0%         N/A       38%         1
 Necrotise                Necr           0%         1d4       38%         1
 Summon Small Mammal      Summ           0%         N/A       38%         1


Dungeon Overview and Level Annotations

Branches:
Dungeon (3/15)

Altars:


Innate Abilities, Weirdness & Mutations

You are too large for most types of armour.
You have tough skin. (AC +1)


Message History

The orc shouts!
Something hits you. The orc hits you with a +0 club.
The orc attacks as you move away! The orc hits you but does no damage.
Something completely misses you. Something hits you.
You sock the orc!
You kill the orc!
An orc wizard comes into view. It is wielding a +0 dagger.
Something hits you but does no damage.
You're too confused to move!
You feel less confused.
The orc wizard shouts!
You hear some strange, mumbled words.
A puff of flame appears from out of thin air!
The puff of flame hits you!
* * * LOW HITPOINT WARNING * * *
The orc attacks as you move away! The orc hits you with a +0 hand axe.
* * * LOW HITPOINT WARNING * * *
Something hits you.
* * * LOW HITPOINT WARNING * * *
The orc wizard points at you and mumbles some strange words.
Something hits you but does no damage.
You hear some strange, mumbled words.
A puff of flame appears from out of thin air!
The puff of flame hits you.
* * * LOW HITPOINT WARNING * * *
A magic dart appears from out of thin air!
The magic dart hits you.
* * * LOW HITPOINT WARNING * * *
You feel better. The orc closely misses you. The orc attacks as you move away!
The orc barely misses you.
The orc wizard mumbles some strange words.
The orc wizard flickers and vanishes!
The orc attacks as you move away! The orc barely misses you.
The orc attacks as you move away! The orc hits you with a +0 hand axe.
* * * LOW HITPOINT WARNING * * *
The orc hits you with a +0 hand axe!
* * * LOW HITPOINT WARNING * * *
A puff of flame appears from out of thin air!
The puff of flame hits you!
You die...

........)..........###########
......{............#.....o....
...................#.###...###
...................#.# #...#
.....................###..†##
............{.........##....##
......................+#......
............o.........+######.
.............@..........# ##.
.................##....# ##..
...(............##....# #...
#######.#..<..###....# #...
#.####...##....# #...
#.#............# #...
#.#.#####.##...# ##.. #+#
#.##...# ##. #.##...# ###


You could see an orc.

Vanquished Creatures
  An orc priest (D:3)
  An orc wizard (D:3)
  5 adders (D:3)
  2 worms (D:2)
  2 dart slugs
  6 orcs (D:3)
  5 ball pythons
  4 endoplasms
  12 giant cockroaches
  4 hobgoblins
  5 kobolds
  A quokka (D:3)
  2 bats
  2 frilled lizards
  6 goblins
  7 rats
65 creatures vanquished.

Notes
Turn   | Place    | Note
-------+----------+-------------------------------------------
     0 | D:1      | Martska the Ogre Gladiator began the quest for the Orb.
     0 | D:1      | Reached XP level 1. HP: 22/22 MP: 1/1
   198 | D:1      | Reached skill level 3 in Fighting
   211 | D:1      | Reached XP level 2. HP: 15/31 MP: 2/2
   762 | D:2      | Reached XP level 3. HP: 29/37 MP: 3/3
   868 | D:2      | Identified the +6 whip "Wugel" {protect, rPois rC++ Will+++
                  | Int-2}
  1893 | D:3      | Reached skill level 4 in Fighting
  1917 | D:3      | Reached XP level 4. HP: 43/48 MP: 4/4
  2307 | D:3      | Reached XP level 5. HP: 32/55 MP: 5/5
  2326 | D:3      | Reached skill level 5 in Fighting
  2558 | D:3      | HP: 2/57 [something/magic dart (5)]
  2563 | D:3      | Killed from afar by an orc wizard

Illustrated notes

Levels and vault maps discovered:
D:1:      dreamdust_arrival_sigmund_warning, layout_loops_ring,
          hangedman_decor_riveting
D:2:      layout_loops_corners
D:3:      minmay_roachtagon, layout_basic, overflow_temple_1_default,
          uniq_terence

Skill      XL: |  1  2  3  4  5 |
---------------+----------------+-----
Fighting       | 3 4 5 |  5.2
Maces & Flails | 3 4 |  4.0
Dodging        | 3 |  3.4
Throwing       | |  2.0

Action                     |  1- 3 |  4- 6 || total
---------------------------+-------+-------++-------
  Melee: Flail             |   118 |    77 ||   195
         Punch             |     1 |     1 ||     2
  Throw: Large rock        |     2 |     2 ||     4
         Throwing net      |       |     1 ||     1
    Use: Scroll            |     5 |       ||     5
         Potion            |     2 |     2 ||     4
 Armour: Robe              |    34 |    43 ||    77
  Dodge: Dodged            |    64 |    81 ||   145
